[Event "Djerba Festival Blitz 2025"]
[Site "Djerba"]
[Date "2025.02.21"]
[Round "9.13"]
[White "Boulrens, Ala Eddine"]
[Black "Zenaidi, Sadok"]
[Result "1-0"]
[Annotator "NA"]
[ECO "B13"]
[WhiteElo "2121"]
[BlackElo "1872"]
[PlyCount "73"]
[EventDate "2025.02.15"]
[EventType "swiss"]
[EventCountry "TUN"]
[SourceTitle "playchess.com"]
[Source "ChessBase"]
[SourceQuality "1"]
[TimeControl "180+3"]

1. e4 c6 2. d4 d5 3. exd5 cxd5 4. c4 Nf6 5. Nc3 Nc6 6. h3 e6 7. Nf3 Be7 8. Bf4 a6 9. a3 O-O 10. c5 Ne4 11. Qc2 f5 12. Be2 Bf6 13. Rd1 Kh8 14. O-O Rg8 15. Be5 Bxe5 16. Nxe5 Nxe5 17. dxe5 Qe7 18. Nxe4 fxe4 19. f3 exf3 20. Rxf3 Bd7 21. Rdf1 Rgf8 22. Bd3 h6 23. b4 Rxf3 24. Rxf3 Rf8 25. Qe2 Rxf3 26. Qxf3 Be8 27. Kh1 g6 28. Qf4 Kg7 29. Kh2 Bc6 30. h4 h5 31. Qg3 Qf7 32. Qg5 Be8 33. Kg3 Kh7 34. Qxh5+ Kg7 35. Qg5 Qc7 36. h5 b6 37. Bxg6 1-0

[Event "Djerba Festival Blitz 2025"]
[Site "Djerba"]
[Date "2025.02.21"]
[Round "9.14"]
[White "Ajbara Jamal"]
[Black "Kakavand, Ramtin"]
[Result "1-0"]
[Annotator "NA"]
[ECO "D66"]
[WhiteElo "1898"]
[BlackElo "2106"]
[PlyCount "66"]
[EventDate "2025.02.15"]
[EventType "swiss"]
[EventCountry "TUN"]
[SourceTitle "playchess.com"]
[Source "ChessBase"]
[SourceQuality "1"]
[TimeControl "180+3"]

1. d4 d5 2. Nf3 Nf6 3. c4 c6 4. Nc3 e6 5. Bg5 h6 6. Bh4 Nbd7 7. e3 Be7 8. Bd3 O-O 9. O-O dxc4 10. Bxc4 b5 11. Bd3 Bb7 12. Rc1 a6 13. a3 c5 14. Bb1 Rc8 15. Qe2 Qb6 16. Ne5 Rfd8 17. Rfd1 cxd4 18. exd4 Nf8 19. h3 Rxd4 20. Bg3 Rxd1+ 21. Rxd1 Rd8 22. Rc1 N8d7 23. Nxd7 Rxd7 24. Kh1 Bd6 25. f4 g6 26. Bf2 Qd8 27. Bh4 Be7 28. Bf2 Rd2 29. Qe3 Rxb2 30. Rd1 Qf8 31. Bh4 Nd5 32. Nxd5 Bxh4 33. Bc2 Rxc2 1-0

[Event "Djerba Festival Blitz 2025"]
[Site "Djerba"]
[Date "2025.02.21"]
[Round "9.15"]
[White "Doucet, Pierre-Alois"]
[Black "Nassr, Lina"]
[Result "1-0"]
[Annotator "NA"]
[ECO "B40"]
[WhiteElo "2027"]
[BlackElo "1934"]
[PlyCount "129"]
[EventDate "2025.02.15"]
[EventType "swiss"]
[EventCountry "TUN"]
[SourceTitle "playchess.com"]
[Source "ChessBase"]
[SourceQuality "1"]
[TimeControl "180+3"]

1. e4 c5 2. Nf3 e6 3. c3 Nf6 4. Bd3 Nc6 5. Bc2 d5 6. e5 Nd7 7. d4 Be7 8. O-O O-O 9. Re1 cxd4 10. cxd4 f6 11. exf6 Nxf6 12. Nc3 Bd7 13. Bg5 Nb4 14. Bb1 Rc8 15. a3 Nc6 16. Qd3 g6 17. Bh6 Ng4 18. Bxf8 Qxf8 19. h3 Nf6 20. Ne5 Nxe5 21. dxe5 Nh5 22. g3 Bc5 23. Rf1 Qf7 24. Kg2 Rf8 25. f4 Ng7 26. b4 Bb6 27. Qe2 Nf5 28. Bxf5 Qxf5 29. Rad1 Rc8 30. Qd3 Qxd3 31. Rxd3 d4 32. Ne4 Bb5 33. Nf6+ Kg7 34. Rfd1 Bxd3 35. Rxd3 Rc2+ 36. Kf3 Rc3 37. Ke4 Rc1 38. Nd7 Re1+ 39. Kf3 Rh1 40. Nxb6 axb6 41. Rxd4 Rxh3 42. Rd7+ Kg8 43. Rxb7 Rh1 44. Rxb6 Ra1 45. Rxe6 Rxa3+ 46. Kg4 Rb3 47. Rb6 Kf7 48. Rb7+ Ke6 49. b5 h5+ 50. Kh4 Kf5 51. Rf7+ Ke4 52. Rf6 Rxb5 53. Rxg6 Kf5 54. Rg5+ Ke4 55. Kxh5 Rb6 56. Kg4 Rh6 57. Rg8 Rh7 58. e6 Kd5 59. f5 Ke5 60. Rg5 Ra7 61. Rg6 Ra4+ 62. Kg5 Ra7 63. g4 Re7 64. f6 Rxe6 65. f7 1-0

[Event "Djerba Festival Blitz 2025"]
[Site "Djerba"]
[Date "2025.02.21"]
[Round "9.16"]
[White "Chelly, Yahya"]
[Black "Kaabi, Iheb"]
[Result "1-0"]
[Annotator "NA"]
[ECO "D26"]
[WhiteElo "2106"]
[BlackElo "1810"]
[PlyCount "79"]
[EventDate "2025.02.15"]
[EventType "swiss"]
[EventCountry "TUN"]
[SourceTitle "playchess.com"]
[Source "ChessBase"]
[SourceQuality "1"]
[TimeControl "180+3"]

1. Nf3 Nf6 2. d4 d5 3. c4 dxc4 4. e3 a6 5. Bxc4 b5 6. Bd3 e6 7. O-O Bb7 8. a3 Bd6 9. b4 O-O 10. Qc2 Nbd7 11. Nc3 e5 12. Ne4 exd4 13. Nxd4 Nxe4 14. Bxe4 Qh4 15. f4 Bxe4 16. Qxe4 Rfe8 17. Qc6 Nf6 18. Nf5 Qh5 19. Nxd6 cxd6 20. h3 d5 21. Bb2 Ne4 22. Rad1 Rad8 23. Be5 Ng3 24. Rf3 Ne4 25. Qxa6 f6 26. Bd4 Nd6 27. Bc5 Ne4 28. Qxb5 Nc3 29. Qd3 Nxd1 30. Qxd1 Qf5 31. a4 Qe4 32. a5 Qc4 33. Rf2 d4 34. exd4 Re6 35. Rc2 Qb3 36. Rd2 Qc4 37. d5 Re4 38. d6 Rxf4 39. d7 Rf5 40. Bb6 1-0

[Event "Djerba Festival Blitz 2025"]
[Site "Djerba"]
[Date "2025.02.21"]
[Round "9.19"]
[White "Rene, Benoit"]
[Black "Sazlik, Mucahit"]
[Result "0-1"]
[Annotator "ChessBase"]
[ECO "B40"]
[WhiteElo "2108"]
[BlackElo "1672"]
[PlyCount "53"]
[EventDate "2025.02.15"]
[EventType "swiss"]
[EventCountry "TUN"]
[SourceTitle "playchess.com"]
[Source "ChessBase"]
[SourceQuality "1"]
[TimeControl "180+3"]

1. e4 e6 2. d3 d5 3. Nd2 c5 4. Ngf3 Nc6 5. g3 Bd6 6. Bg2 d4 7. O-O e5 8. a3 Nf6 9. Ne1 O-O 10. f4 Bg4 11. Ndf3 exf4 12. gxf4 Bc7 13. Qe2 Nh5 14. h3 Bd7 15. e5 Ng3 16. Qf2 Nxf1 17. Kxf1 Ne7 18. Ng5 Nf5 19. Nef3 h6 20. Ne4 Bc6 21. Nxc5 Bb6 22. b4 Bxc5 23. bxc5 b6 24. cxb6 Qxb6 25. Kg1 Ne3 26. Bxe3 dxe3 27. Qg3 0-1

[Event "Djerba Festival Blitz 2025"]
[Site "Djerba"]
[Date "2025.02.21"]
[Round "9.20"]
[White "Chargui, Saleh"]
[Black "Rekik Ismail"]
[Result "0-1"]
[Annotator "NA"]
[ECO "E12"]
[WhiteElo "1709"]
[BlackElo "2006"]
[PlyCount "50"]
[EventDate "2025.02.15"]
[EventType "swiss"]
[EventCountry "TUN"]
[SourceTitle "playchess.com"]
[Source "ChessBase"]
[SourceQuality "1"]
[TimeControl "180+3"]

1. d4 Nf6 2. c4 e6 3. Nc3 Bb4 4. Bg5 O-O 5. Nf3 b6 6. e3 Bb7 7. Bd3 h6 8. Bxf6 Qxf6 9. Be2 c5 10. O-O d6 11. a3 Ba5 12. Rc1 Nc6 13. Nb5 Rfd8 14. Re1 a6 15. Nc3 d5 16. cxd5 exd5 17. dxc5 bxc5 18. Qb3 Rab8 19. Red1 d4 20. exd4 Nxd4 21. Nxd4 cxd4 22. Qa4 dxc3 23. Qxa5 Rxd1+ 24. Bxd1 cxb2 25. Rb1 Qg6 0-1

[Event "Djerba Festival Blitz 2025"]
[Site "Djerba"]
[Date "2025.02.21"]
[Round "9.21"]
[White "Tahir, Abderrahmane"]
[Black "Zouaghi, Ahmed"]
[Result "0-1"]
[Annotator "NA"]
[ECO "A04"]
[WhiteElo "1891"]
[BlackElo "1919"]
[PlyCount "98"]
[EventDate "2025.02.15"]
[EventType "swiss"]
[EventCountry "TUN"]
[SourceTitle "playchess.com"]
[Source "ChessBase"]
[SourceQuality "1"]
[TimeControl "180+3"]

1. Nf3 c5 2. g3 g6 3. Bg2 Bg7 4. d3 Nc6 5. Nbd2 d6 6. e4 e5 7. a4 Nge7 8. c3 O-O 9. O-O h6 10. Nc4 Be6 11. Nfd2 b6 12. Ne3 d5 13. exd5 Nxd5 14. Ndc4 Nxe3 15. Nxe3 Rc8 16. Qc2 Na5 17. c4 Nc6 18. Nd5 Bxd5 19. Bxd5 Nb4 20. Qb3 Nxd5 21. cxd5 Qd6 22. a5 Rfd8 23. axb6 axb6 24. Ra6 Qxd5 25. Qxb6 Qxd3 26. Ra7 Rd7 27. Qa5 Rxa7 28. Qxa7 e4 29. Qb7 Rd8 30. Re1 c4 31. Bf4 Bxb2 32. Qxb2 c3 33. Qc1 h5 34. h4 c2 35. Bg5 Rb8 36. Bf6 Rb1 37. Qh6 Rxe1+ 38. Kh2 Rh1+ 39. Kxh1 Qf1+ 40. Kh2 Qxf2+ 41. Kh3 Qf5+ 42. Kh2 Qf2+ 43. Kh3 Qxf6 44. Qc1 Qf5+ 45. Kg2 Qf3+ 46. Kh3 e3 47. Qxc2 Qh1+ 48. Qh2 Qxh2+ 49. Kxh2 e2 0-1

[Event "Djerba Festival Blitz 2025"]
[Site "Djerba"]
[Date "2025.02.21"]
[Round "9.23"]
[White "Boudnani, Brahim"]
[Black "Mendili, Jahed"]
[Result "0-1"]
[Annotator "NA"]
[ECO "D00"]
[WhiteElo "1721"]
[BlackElo "1771"]
[PlyCount "58"]
[EventDate "2025.02.15"]
[EventType "swiss"]
[EventCountry "TUN"]
[SourceTitle "playchess.com"]
[Source "ChessBase"]
[SourceQuality "1"]
[TimeControl "180+3"]

1. d4 Nf6 2. Bf4 e6 3. Nf3 d5 4. Nc3 Nbd7 5. Nb5 e5 6. dxe5 c6 7. exf6 cxb5 8. fxg7 Bxg7 9. c3 Nb6 10. e3 Bd7 11. Qc2 Rc8 12. Be2 b4 13. Ne5 Be6 14. Bb5+ Nd7 15. Nxd7 Bxd7 16. Bxd7+ Qxd7 17. Rd1 bxc3 18. O-O cxb2 19. e4 Rxc2 20. Rxd5 Qxd5 21. exd5 O-O 22. h4 Rfc8 23. Re1 Rc1 24. Bxc1 Rxc1 25. Rxc1 bxc1=Q+ 26. Kh2 Be5+ 27. g3 Qf1 28. d6 Qxf2+ 29. Kh3 Qxg3# 0-1

[Event "Djerba Festival Blitz 2025"]
[Site "Djerba"]
[Date "2025.02.21"]
[Round "9.24"]
[White "Azreug, Lazhar"]
[Black "Zerarga, Imene"]
[Result "0-1"]
[Annotator "NA"]
[ECO "B23"]
[WhiteElo "1793"]
[BlackElo "1831"]
[PlyCount "64"]
[EventDate "2025.02.15"]
[EventType "swiss"]
[EventCountry "TUN"]
[SourceTitle "playchess.com"]
[Source "ChessBase"]
[SourceQuality "1"]
[TimeControl "180+3"]

1. e4 c5 2. Nc3 d6 3. f4 g6 4. Nf3 Bg7 5. Bc4 Nc6 6. O-O Nf6 7. d3 O-O 8. Qe1 a6 9. a4 Rb8 10. Qh4 b5 11. axb5 axb5 12. Bxb5 Nd4 13. Ba4 Ra8 14. Be3 Nxf3+ 15. Rxf3 Qb6 16. b3 Nxe4 17. Nd5 Qb7 18. Nxe7+ Kh8 19. Raf1 Bf6 20. Bc6 Qxe7 21. Qe1 Bb7 22. Bxe4 Bxe4 23. dxe4 Qxe4 24. Rh3 Qxc2 25. Qg3 Qe4 26. Re1 Ra1 27. Rxa1 Bxa1 28. Qh4 h5 29. Qg5 Bg7 30. Kf2 Ra8 31. Rh4 Ra2+ 32. Ke1 Bf8 0-1

[Event "Djerba Festival Blitz 2025"]
[Site "Djerba"]
[Date "2025.02.21"]
[Round "9.25"]
[White "Marceil, Jean"]
[Black "Alouani, Ahmed"]
[Result "0-1"]
[Annotator "NA"]
[ECO "E76"]
[WhiteElo "1901"]
[BlackElo "1617"]
[PlyCount "82"]
[EventDate "2025.02.15"]
[EventType "swiss"]
[EventCountry "TUN"]
[SourceTitle "playchess.com"]
[Source "ChessBase"]
[SourceQuality "1"]
[TimeControl "180+3"]

1. d4 Nf6 2. c4 g6 3. Nc3 Bg7 4. e4 d6 5. f4 Bg4 6. Nf3 c5 7. d5 Qa5 8. Bd2 Qb6 9. Rb1 Na6 10. Be2 O-O 11. O-O e6 12. h3 Bxf3 13. Bxf3 exd5 14. cxd5 Rfe8 15. Kh1 Qd8 16. a4 Nb4 17. Rg1 a6 18. Be1 Rb8 19. Bg3 b5 20. axb5 axb5 21. Bh4 Qc7 22. Re1 c4 23. e5 dxe5 24. d6 Qc5 25. fxe5 Rxe5 26. Bxf6 Bxf6 27. Ne4 Rxe4 28. Bxe4 Rd8 29. Qf3 Bg7 30. Red1 Rxd6 31. Rxd6 Qxd6 32. Rd1 Nd3 33. Bxd3 cxd3 34. Rxd3 Qf8 35. Ra3 Qe7 36. Ra8+ Bf8 37. Qc6 Kg7 38. Qc8 Qe1+ 39. Kh2 Bd6+ 40. g3 Qxg3+ 41. Kh1 Qh2# 0-1

[Event "Djerba Festival Blitz 2025"]
[Site "Djerba"]
[Date "2025.02.21"]
[Round "9.26"]
[White "Minde, Timothe"]
[Black "Alonso Garuti, Luis Eugenio"]
[Result "1-0"]
[Annotator "NA"]
[ECO "B01"]
[WhiteElo "1879"]
[BlackElo "1845"]
[PlyCount "58"]
[EventDate "2025.02.15"]
[EventType "swiss"]
[EventCountry "TUN"]
[SourceTitle "playchess.com"]
[Source "ChessBase"]
[SourceQuality "1"]
[TimeControl "180+3"]

1. e4 d5 2. exd5 Nf6 3. Nf3 Nxd5 4. d4 Bg4 5. c4 Nf6 6. d5 c6 7. dxc6 Qxd1+ 8. Kxd1 Nxc6 9. Be2 e5 10. Be3 O-O-O+ 11. Kc1 Bf5 12. a3 Be7 13. Nc3 Rhe8 14. h3 e4 15. Ng5 Bg6 16. Bg4+ Nxg4 17. hxg4 h6 18. Ngxe4 Ne5 19. Rd1 Kb8 20. Bf4 f6 21. Bxe5+ fxe5 22. Ng3 Bg5+ 23. Rd2 Rxd2 24. Nce4 Rd4+ 25. Nxg5 hxg5 26. b3 Red8 27. Kb2 Rd2+ 28. Kc3 a5 29. b4 R8d3# 1-0

[Event "Djerba Festival Blitz 2025"]
[Site "Djerba"]
[Date "2025.02.21"]
[Round "9.28"]
[White "Guinet, Stephane"]
[Black "Mendil, Yacine"]
[Result "0-1"]
[Annotator "NA"]
[ECO "B50"]
[WhiteElo "1617"]
[BlackElo "1699"]
[PlyCount "54"]
[EventDate "2025.02.15"]
[EventType "swiss"]
[EventCountry "TUN"]
[SourceTitle "playchess.com"]
[Source "ChessBase"]
[SourceQuality "1"]
[TimeControl "180+3"]

1. e4 c5 2. Bc4 e6 3. Nf3 d6 4. d3 Be7 5. O-O Nf6 6. Bg5 O-O 7. c3 Nbd7 8. Nbd2 a6 9. a4 b6 10. Re1 Bb7 11. b4 cxb4 12. cxb4 Rc8 13. b5 a5 14. Nb3 Nc5 15. Nxc5 Rxc5 16. Nd4 Rxg5 17. f4 Rc5 18. e5 Nd5 19. Nb3 Rc8 20. Qf3 Qd7 21. Qg3 dxe5 22. fxe5 Qd8 23. Nd4 Bh4 24. Qg4 Bxe1 25. Rxe1 h6 26. Rf1 Qg5 27. Qh3 Qe3+ 0-1

[Event "Djerba Festival Blitz 2025"]
[Site "Djerba"]
[Date "2025.02.21"]
[Round "9.29"]
[White "El Gazzar, Ahmed"]
[Black "Skhiri Youssef"]
[Result "1/2-1/2"]
[Annotator "NA"]
[ECO "C54"]
[WhiteElo "1667"]
[BlackElo "1808"]
[PlyCount "143"]
[EventDate "2025.02.15"]
[EventType "swiss"]
[EventCountry "TUN"]
[SourceTitle "playchess.com"]
[Source "ChessBase"]
[SourceQuality "1"]
[TimeControl "180+3"]

1. e4 e5 2. Nf3 Nc6 3. Bc4 Bc5 4. c3 Nf6 5. d3 d6 6. Be3 Bb6 7. Nbd2 O-O 8. O-O Be6 9. Bb3 h6 10. h3 Qd7 11. Bxb6 axb6 12. Bxe6 fxe6 13. Re1 Qf7 14. Nf1 Nh5 15. Ne3 Nf4 16. Nh2 Kh8 17. Qg4 Rxa2 18. Rxa2 Nxh3+ 19. Qxh3 Qxf2+ 20. Kh1 Qxe1+ 21. Nhf1 Rxf1+ 22. Nxf1 Qxf1+ 23. Kh2 Qf4+ 24. Qg3 Qf7 25. Ra8+ Kh7 26. Qf3 Qxf3 27. gxf3 Ne7 28. Re8 Ng6 29. Rxe6 Nf4 30. Re7 Nxd3 31. Rxc7 Nxb2 32. Rxb7 Na4 33. c4 Kg6 34. Kg3 Kf6 35. Kg4 Kg6 36. f4 exf4 37. Kxf4 Kf6 38. Ra7 Nc5 39. Ra8 g5+ 40. Ke3 Ke5 41. Re8+ Ne6 42. Rb8 Nc5 43. Rxb6 Nxe4 44. Rb5+ Nc5 45. Rb6 h5 46. Rb8 h4 47. Re8+ Ne6 48. Rg8 Kf5 49. Kf3 Nd4+ 50. Kf2 Ne6 51. Rh8 g4 52. Kg2 h3+ 53. Kg3 Ng5 54. Rf8+ Ke4 55. Kxg4 h2 56. Rh8 Ne6 57. Rxh2 Kd4 58. Rc2 Nd8 59. Kf5 Nc6 60. Ke6 Na5 61. Kxd6 Nxc4+ 62. Kd7 Ne5+ 63. Ke6 Nc4 64. Rc1 Nd2 65. Kd7 Nc4 66. Kc8 Nd6+ 67. Kd7 Ne4 68. Rd1+ Ke5 69. Re1 Kd5 70. Rd1+ Ke5 71. Re1 Kd5 72. Rd1+ 1/2-1/2

[Event "Djerba Festival Blitz 2025"]
[Site "Djerba"]
[Date "2025.02.21"]
[Round "9.30"]
[White "Gunduz, Davud"]
[Black "Saidi, Bouziane"]
[Result "0-1"]
[Annotator "NA"]
[ECO "C45"]
[WhiteElo "1483"]
[BlackElo "1710"]
[PlyCount "110"]
[EventDate "2025.02.15"]
[EventType "swiss"]
[EventCountry "TUN"]
[SourceTitle "playchess.com"]
[Source "ChessBase"]
[SourceQuality "1"]
[TimeControl "180+3"]

1. e4 e5 2. Nf3 Nc6 3. d4 exd4 4. Nxd4 Nxd4 5. Qxd4 d6 6. Bc4 Nf6 7. O-O Be7 8. Nc3 O-O 9. Qd3 Be6 10. Bb3 Bxb3 11. axb3 Ng4 12. Qg3 Ne5 13. Bh6 Ng6 14. Be3 Bh4 15. Qh3 Bg5 16. Bxg5 Qxg5 17. Qf3 Nh4 18. Qg3 Qxg3 19. hxg3 Ng6 20. f4 f5 21. exf5 Rxf5 22. Rfe1 a6 23. Re3 d5 24. Na4 d4 25. Re6 b5 26. Rae1 bxa4 27. bxa4 Rb8 28. Re8+ Rxe8 29. Rxe8+ Rf8 30. Re6 Rb8 31. b3 Rb6 32. Re8+ Kf7 33. Rc8 Rc6 34. Ra8 Rxc2 35. Rxa6 d3 36. Kf1 Rc1+ 37. Kf2 d2 38. a5 d1=Q 39. Rxg6 hxg6 40. b4 Rc2+ 41. Ke3 Rxg2 42. a6 Rxg3+ 43. Ke4 Qd3+ 44. Ke5 Qxa6 45. b5 Qxb5+ 46. Ke4 Qf5+ 47. Kd4 Qxf4+ 48. Kc5 Rg5+ 49. Kc6 Qd6+ 50. Kb7 Qb6+ 51. Kc8 c5 52. Kd7 c4 53. Kc8 Rc5+ 54. Kd7 Qc6+ 55. Kd8 Rd5# 0-1

[Event "Djerba Festival Blitz 2025"]
[Site "Djerba"]
[Date "2025.02.21"]
[Round "9.31"]
[White "Dauvois, Theo"]
[Black "Farouz, Paul"]
[Result "1-0"]
[Annotator "NA"]
[ECO "D31"]
[WhiteElo "1663"]
[BlackElo "1680"]
[PlyCount "53"]
[EventDate "2025.02.15"]
[EventType "swiss"]
[EventCountry "TUN"]
[SourceTitle "playchess.com"]
[Source "ChessBase"]
[SourceQuality "1"]
[TimeControl "180+3"]

1. d4 d5 2. c4 e6 3. Nc3 a6 4. Nf3 dxc4 5. a4 Nc6 6. e4 Na5 7. Qc2 Nf6 8. Bg5 c6 9. e5 h6 10. Bh4 g5 11. Nxg5 hxg5 12. Bxg5 Be7 13. exf6 Bxf6 14. Bxf6 Qxf6 15. Rd1 Nb3 16. Ne4 Qf4 17. Bxc4 Na5 18. Bd3 Rxh2 19. Rxh2 Qxh2 20. b4 Bd7 21. bxa5 O-O-O 22. Nc5 Qh1+ 23. Bf1 Qh4 24. Qb1 b5 25. axb6 Be8 26. Bxa6+ Kb8 27. Be2 1-0

[Event "Djerba Festival Blitz 2025"]
[Site "Djerba"]
[Date "2025.02.21"]
[Round "9.32"]
[White "Mallah, Mohamed Khalil"]
[Black "Hafsa, Yessine"]
[Result "1/2-1/2"]
[Annotator "NA"]
[ECO "C54"]
[WhiteElo "1499"]
[BlackElo "1503"]
[PlyCount "134"]
[EventDate "2025.02.15"]
[EventType "swiss"]
[EventCountry "TUN"]
[SourceTitle "playchess.com"]
[Source "ChessBase"]
[SourceQuality "1"]
[TimeControl "180+3"]

1. e4 e5 2. Nf3 Nc6 3. Bc4 Bc5 4. c3 Nf6 5. d3 d6 6. Nbd2 Bg4 7. h3 Bh5 8. Nf1 Ne7 9. Ng3 Bg6 10. O-O O-O 11. Bg5 Nh5 12. Nxh5 Bxh5 13. d4 exd4 14. cxd4 Bxf3 15. Qxf3 Bxd4 16. Qb3 Bb6 17. Rac1 Qd7 18. Rfd1 Ng6 19. Bb5 c6 20. Be2 Bc7 21. Bg4 Qxg4 22. hxg4 h6 23. Bh4 Nxh4 24. f4 Ng6 25. f5 Ne5 26. Qxb7 Bb6+ 27. Rd4 Bxd4+ 28. Kf1 Bb6 29. Qa6 Rac8 30. Qe2 Rfe8 31. Qd1 Rcd8 32. g5 hxg5 33. a4 d5 34. exd5 Rxd5 35. Qb3 Red8 36. Qg3 f6 37. b4 Bd4 38. Qb3 Kf8 39. b5 cxb5 40. axb5 Bc5 41. Qh3 Kg8 42. Qb3 Nf7 43. g3 Bf8 44. g4 Rd3 45. Qc4 R8d4 46. Qc8 Rf4+ 47. Kg2 Rd2+ 48. Kg3 Rd3+ 49. Kg2 Ne5 50. Rf1 Rd2+ 51. Kh3 Rd3+ 52. Kg2 Rxg4+ 53. Kf2 Rf3+ 54. Ke2 Rxf1 55. Kxf1 Rf4+ 56. Ke2 Re4+ 57. Kd2 Nc4+ 58. Kc2 Nd6 59. Qc7 Nxb5 60. Qb7 Nd4+ 61. Kc3 Rh4 62. Qc7 Nb5+ 63. Kb3 Nxc7 64. Kc3 Rh3+ 65. Kc4 a6 66. Kd4 Kf7 67. Ke4 Bc5 1/2-1/2

[Event "Djerba Festival Blitz 2025"]
[Site "Djerba"]
[Date "2025.02.21"]
[Round "9.33"]
[White "Ferahi, Tarik"]
[Black "Chabbouh, Mohamed Rayen"]
[Result "1-0"]
[Annotator "NA"]
[ECO "C62"]
[WhiteElo "1612"]
[BlackElo "1518"]
[PlyCount "87"]
[EventDate "2025.02.15"]
[EventType "swiss"]
[EventCountry "TUN"]
[SourceTitle "playchess.com"]
[Source "ChessBase"]
[SourceQuality "1"]
[TimeControl "180+3"]

1. e4 e5 2. Nf3 Nc6 3. Bb5 d6 4. d4 exd4 5. Nxd4 Bd7 6. Nxc6 Bxc6 7. Bxc6+ bxc6 8. Qf3 Rb8 9. e5 Qd7 10. exd6 cxd6 11. O-O Be7 12. Re1 Rb7 13. Bg5 f6 14. Bh4 Rxb2 15. Nc3 Nh6 16. Qe4 Rb7 17. Rad1 O-O 18. Qc4+ Kh8 19. Bg3 Nf5 20. Qd3 Nxg3 21. hxg3 d5 22. a4 Bb4 23. Re3 Rd8 24. Ne2 Bc5 25. Rf3 Rb4 26. Re1 Rxa4 27. Nf4 Ra3 28. Qd2 Rxf3 29. gxf3 Qd6 30. Ne6 Re8 31. Nxc5 Rxe1+ 32. Qxe1 h5 33. Qe8+ Kh7 34. Ne6 Qe5 35. Qf7 f5 36. Qxh5+ Kg8 37. Qe8+ Kh7 38. Ng5+ Kh6 39. Qxe5 Kxg5 40. Qd6 a5 41. Qxc6 d4 42. Qc5 a4 43. Qb4 d3 44. cxd3 1-0

[Event "Djerba Festival Blitz 2025"]
[Site "Djerba"]
[Date "2025.02.21"]
[Round "9.34"]
[White "Guinet, Andy"]
[Black "Charfeddine, Khaled"]
[Result "0-1"]
[Annotator "NA"]
[ECO "B10"]
[WhiteElo "1665"]
[BlackElo "1908"]
[PlyCount "39"]
[EventDate "2025.02.15"]
[EventType "swiss"]
[EventCountry "TUN"]
[SourceTitle "playchess.com"]
[Source "ChessBase"]
[SourceQuality "1"]
[TimeControl "180+3"]

1. e4 c6 2. Nf3 d5 3. e5 c5 4. Be2 Nc6 5. O-O Bg4 6. Bb5 e6 7. h3 Bh5 8. d3 Nge7 9. Bf4 a6 10. Bxc6+ Nxc6 11. Nbd2 Be7 12. c4 O-O 13. b3 Qd7 14. Re1 Rad8 15. Qc2 Bg6 16. Qc3 d4 17. Qc1 Bxd3 18. Ne4 Bxe4 19. Rxe4 Nb4 20. a3 0-1

[Event "Djerba Festival Blitz 2025"]
[Site "Djerba"]
[Date "2025.02.21"]
[Round "9.35"]
[White "Chaouech, Oussama"]
[Black "Chaudesaygues, Hugo"]
[Result "1-0"]
[Annotator "NA"]
[ECO "D35"]
[WhiteElo "1651"]
[BlackElo "1624"]
[PlyCount "56"]
[EventDate "2025.02.15"]
[EventType "swiss"]
[EventCountry "TUN"]
[SourceTitle "playchess.com"]
[Source "ChessBase"]
[SourceQuality "1"]
[TimeControl "180+3"]

1. d4 d5 2. c4 c6 3. Nc3 e6 4. Bf4 Bd6 5. Bxd6 Qxd6 6. e3 Nf6 7. Nf3 Ne4 8. cxd5 Nxc3 9. bxc3 exd5 10. Qb3 b5 11. a4 bxa4 12. Rxa4 O-O 13. Ne5 Nd7 14. Nxd7 Bxd7 15. Qa2 Rfb8 16. Bd3 Rb7 17. O-O c5 18. Ra6 Qc7 19. Qxd5 cxd4 20. exd4 Be6 21. Qf3 Rab8 22. d5 Bc8 23. c4 Rb3 24. Rc6 Qe7 25. Rxc8+ Rxc8 26. Bxh7+ Kxh7 27. Qxb3 f6 28. Qd3+ Kg8 1-0

[Event "Djerba Festival Blitz 2025"]
[Site "Djerba"]
[Date "2025.02.21"]
[Round "9.40"]
[White "Feurprier, Matteo"]
[Black "Baba, Ayoub"]
[Result "1-0"]
[Annotator "NA"]
[ECO "B45"]
[WhiteElo "1537"]
[BlackElo "1469"]
[PlyCount "53"]
[EventDate "2025.02.15"]
[EventType "swiss"]
[EventCountry "TUN"]
[SourceTitle "playchess.com"]
[Source "ChessBase"]
[SourceQuality "1"]
[TimeControl "180+3"]

1. e4 c5 2. Nf3 Nc6 3. d4 cxd4 4. Nxd4 Nf6 5. Nc3 e6 6. Bg5 Be7 7. Be2 d5 8. exd5 Nxd5 9. Bxe7 Qxe7 10. Nxd5 exd5 11. O-O O-O 12. Re1 Qg5 13. Nf3 Qf6 14. Qxd5 Qxb2 15. Qb3 Qf6 16. Rad1 b6 17. Bb5 Bb7 18. Re2 h6 19. Rde1 Na5 20. Qe3 Rac8 21. Ne5 Qg5 22. Qxg5 hxg5 23. Nf3 Bxf3 24. gxf3 Rc3 25. Re8 Rxc2 26. Rxf8+ Kxf8 27. Re8# 1-0

[Event "Djerba Festival Blitz 2025"]
[Site "Djerba"]
[Date "2025.02.21"]
[Round "9.41"]
[White "Mathanchandaran, Dev"]
[Black "Hinard, Jeremy"]
[Result "1-0"]
[Annotator "NA"]
[ECO "B10"]
[WhiteElo "1650"]
[BlackElo "1609"]
[PlyCount "64"]
[EventDate "2025.02.15"]
[EventType "swiss"]
[EventCountry "TUN"]
[SourceTitle "playchess.com"]
[Source "ChessBase"]
[SourceQuality "1"]
[TimeControl "180+3"]

1. e4 c6 2. Nf3 d5 3. exd5 cxd5 4. Ne5 Nf6 5. d4 Nc6 6. Bb5 Qb6 7. Bxc6+ bxc6 8. Nc3 Ba6 9. Qf3 Qxd4 10. Nxc6 Qc5 11. Ne5 e6 12. Be3 Qc7 13. Nd3 Bxd3 14. cxd3 Bb4 15. Rc1 O-O 16. O-O Bxc3 17. Rxc3 Qd7 18. Bd4 Rfc8 19. Bxf6 gxf6 20. Qxf6 Rxc3 21. Qxc3 Rc8 22. Qd2 Qa4 23. a3 Rc2 24. Qg5+ Kh8 25. Rb1 Re2 26. g3 Qc2 27. Rf1 Qxb2 28. Qd8+ Kg7 29. Qd6 Qd2 30. Qe7 Qxd3 31. Qxa7 Qf3 32. Qb7 Qg4 1-0

[Event "Djerba Festival Blitz 2025"]
[Site "Djerba"]
[Date "2025.02.21"]
[Round "9.42"]
[White "Kammoun, Adam"]
[Black "Soudani, Hassan"]
[Result "0-1"]
[Annotator "NA"]
[ECO "E35"]
[WhiteElo "1571"]
[BlackElo "1598"]
[PlyCount "112"]
[EventDate "2025.02.15"]
[EventType "swiss"]
[EventCountry "TUN"]
[SourceTitle "playchess.com"]
[Source "ChessBase"]
[SourceQuality "1"]
[TimeControl "180+3"]

1. d4 d5 2. c4 Nf6 3. Nc3 e6 4. cxd5 exd5 5. Bg5 Bb4 6. Qc2 O-O 7. e3 Nbd7 8. Nf3 Qe7 9. Be2 a5 10. a3 Bd6 11. Nb5 b6 12. Nxc7 Ra7 13. Nxd5 Qe6 14. Nxf6+ Nxf6 15. Bc4 Qe4 16. Qxe4 Nxe4 17. Bh4 Bg4 18. Nd2 Nxd2 19. Kxd2 Rc7 20. Rac1 h6 21. f3 Bh5 22. Bg3 Rd7 23. Bxd6 Rxd6 24. Bd3 f5 25. Rc2 f4 26. Re1 Re6 27. Bc4 Bf7 28. Bxe6 Bxe6 29. exf4 Bf5 30. Rc6 Rb8 31. Re5 Bd7 32. Rd6 Ba4 33. Ree6 Rc8 34. Rxb6 Rc2+ 35. Kd3 Rxg2 36. Rg6 Bc2+ 37. Kc4 Bxg6 38. Rb5 Rc2+ 39. Kd5 Bh5 40. Rc5 Rxh2 41. Rxa5 Bxf3+ 42. Kc4 Rc2+ 43. Kd3 Rxb2 44. d5 Rb3+ 45. Kd4 Rb1 46. d6 Kh7 47. Ke3 Rb3+ 48. Kf2 Bg4 49. Rd5 Rxa3 50. d7 Rf3+ 51. Kg2 Bxd7 52. Kxf3 Bc6 53. Ke3 Bxd5 54. Kd4 Kg6 55. Ke5 Bg2 56. f5+ Kg5 0-1